 Dungeon Crawl Stone Soup version 0.21-a0-26-g7b23a2f (webtiles) character file.

169421 grindst0ne the Tortoise (level 18, -1/139 HPs)
             Began as a Formicid Fighter on May 25, 2017.
             Was the Champion of Makhleb.
             Engulfed by a ghost crab's spectral mist (3 damage)
             ... on level 2 of the Swamp.
             The game lasted 02:14:49 (26480 turns).

grindst0ne the Tortoise (Formicid Fighter)         Turns: 26480, Time: 02:14:50

Health: -1/139     AC: 22    Str: 19    XL:     18   Next: 60%
Magic:  23/23      EV: 26    Int:  8    God:    Makhleb [******]
Gold:   1529       SH: 13    Dex: 18    Spells: 17/17 levels left

rFire    + + .     SeeInvis +   J - +7 glaive (vamp)
rCold    + . .     Gourm    .   z - +2 shield of Timenaem {rF+ Regen+}
rNeg     . . .     Faith    +   E - +5 scale mail of Paew {*Contam Dex+2 SInv}
rPois    +         Spirit   .   (helmet unavailable)
rElec    .         Reflect  .   c - +1 cloak {rPois}
rCorr    .         Harm     .   (no gloves)
MR       +++..                  y - +2 pair of boots
Stlth    ..........             W - amulet of faith
Regen    0.8/turn               A - ring of Phasing {EV+8}
MPRegen  0.2/turn               w - ring of poison resistance

@: drained
A: permanent stasis, dig shafts and tunnels, four strong arms, antennae 3,
hooves 1, cold resistance 1, dopey 1, fire resistance 1, magic resistance 2,
shaggy fur 1, weak 1
a: Dig, Shaft Self, Minor Destruction, Lesser Servant of Makhleb, Major
Destruction, Greater Servant of Makhleb, Renounce Religion


You were on level 2 of the Swamp.
You worshipped Makhleb.
Makhleb was exalted by your worship.
You were not hungry.

You visited 5 branches of the dungeon, and saw 26 of its levels.
You also visited: Labyrinth and Ossuary.

You collected 2553 gold pieces.
You spent 1024 gold pieces at shops.

Inventory:

Hand Weapons
 b - a +1 scimitar of flaming
 J - a +7 vampiric glaive (weapon)
 U - the +9 scythe "Trog's Fury" {speed, Int+2 Dex+5 SInv, unknown}
   (You found it on level 2 of the Swamp)

   Attacks with this weapon are significantly faster.
   It affects your intelligence (+2).
   It affects your dexterity (+5).
   It lets you see invisible.
Missiles
 O - a throwing net (quivered)
Armour
 c - a +1 cloak of poison resistance (worn)
 x - the +3 ring mail "Yheoq" {rF+ rN+ rCorr, unknown}
   (You found it on level 15 of the Dungeon)

   It protects you from fire.
   It protects you from negative energy.
   It protects you from acid and corrosion.
 y - a +2 pair of boots (worn)
 z - the +2 shield of Timenaem (worn) {rF+ Regen+}
   (You bought it in a shop on level 2 of the Orcish Mines)

   It protects you from fire.
   It increases your rate of regeneration.
 C - a scarf of cloud immunity
 D - the +7 scale mail "Wuicey" {rF+ rN+ MR-, unknown}
   (You found it on level 2 of the Swamp)

   It protects you from fire.
   It protects you from negative energy.
   It affects your resistance to hostile enchantments.
 E - the +5 scale mail of Paew (worn) {*Contam Dex+2 SInv}
   (You bought it in a shop on level 8 of the Dungeon)

   It affects your dexterity (+2).
   It lets you see invisible.
   It causes magical contamination when unequipped.
 H - a +3 chain mail
 Z - the cursed +0 leather armour of Hangman {Int-3 Dex+4, unknown}
   (You found it on level 2 of the Swamp)

   It affects your intelligence (-3).
   It affects your dexterity (+4).
   It has a curse placed upon it.
Jewellery
 i - an uncursed ring of flight
 w - a ring of poison resistance (right hand)
 A - the ring of Phasing (left hand) {EV+8}
   (You found it on level 5 of the Dungeon)

   [ring of evasion]

   It affects your evasion (+8).
 G - the ring of Vogh {rF+ rN+ Dex-3 Stlth-}
   (You found it in a labyrinth)

   [ring of loudness]

   It affects your dexterity (-3).
   It protects you from fire.
   It protects you from negative energy.
   It makes you less stealthy.
 P - an uncursed ring of protection from magic
 T - an uncursed ring of resist corrosion
 W - an amulet of faith (around neck)
Wands
 a - a wand of paralysis (21/24)
 k - a wand of confusion (24/48)
 l - a wand of confusion (29/48)
 n - a wand of iceblast (1/15)
 B - a wand of scattershot (5/9)
 K - a wand of confusion (14/48)
 L - a wand of paralysis (11/24)
 N - a wand of paralysis (11/24)
 Q - a wand of confusion (25/48)
 R - a wand of paralysis (11/24)
 V - a wand of digging (8/24)
 X - a wand of iceblast (3/15)
 Y - a wand of disintegration (13/24)
Scrolls
 g - a scroll of holy word
 h - 5 scrolls of fog
 o - 5 scrolls of enchant armour
 t - 9 scrolls of remove curse
 v - 3 scrolls of fear
Potions
 d - 2 potions of might
 e - 2 potions of flight
 m - 5 potions of curing
 q - 2 potions of cancellation
 s - 2 potions of heal wounds
Miscellaneous
 r - a phantom mirror
 M - a phial of floods
Comestibles
 f - 2 bread rations
 j - 14 meat rations
 p - 6 royal jellies
 u - 43 fruits


   Skills:
 - Level 11.7(10.6) Fighting
   Level 16.2(14.9) Axes
 - Level 7.4(6.4) Throwing
 * Level 17.1(15.8) Armour
 - Level 13.1(12.0) Dodging
 - Level 9.1(8.1) Shields
 - Level 6.0(5.1) Invocations
 - Level 7.4(6.4) Evocations


You had 17 spell levels left.
You didn't know any spells.

Dungeon Overview and Level Annotations

Branches:
Dungeon (15/15) Temple (1/1) D:6 Lair (6/6) D:9 Swamp (2/4) Lair:4 Spider (0/4) Lair:2 Slime (0/5) Lair:5 Orc (2/2) D:11 Elf (0/3) Orc:2 Vaults (0/5) D:13 D:14 Depths (0/5) D:15

Altars:
Ashenzari
Cheibriados
Dithmenos
Elyvilon
Fedhas
Gozag
Hepliaklqana
Kikubaaqudgha
Makhleb
Nemelex Xobeh
Okawaru
Qazlal
Ru
Sif Muna
Trog
Uskayaw
Vehumet
Wu Jian
Xom
Yredelemnul
Zin
The Shining One
Jiyva

Shops:
D:5 [   D:8 *   Orc:2 [??:

Annotations:
D:3 exclusion: downstairs
D:4 exclusion: downstairs


Innate Abilities, Weirdness & Mutations

You cannot be hasted, slowed, berserked, paralysed or teleported.
You can dig through walls and to a lower floor.
Your four strong arms can wield two-handed weapons with a shield.
You have a pair of large antennae on your head. (SInv)
You have large cloven feet.
Your flesh is cold resistant. (rC+)
You are dopey. (Int -2)
Your flesh is heat resistant. (rF+)
You are highly resistant to hostile enchantments. (MR++)
You are covered in fur. (AC +1)
You are weak. (Str -2)


Message History

The large slime creature is engulfed in spectral mist.
The large slime creature barely misses you.
Are you sure you want to shaft yourself?
You feel quite a bit more hungry.
You are engulfed in spectral mist.
* * * LOW HITPOINT WARNING * * *
You block the ghost crab's attack.
The ghost crab claws you but does no damage.
The spectral seven-headed hydra completely misses you. x2
The spectral seven-headed hydra misses you. x2
The spectral seven-headed hydra barely misses you.
You block the spectral seven-headed hydra's attack.
The spectral seven-headed hydra completely misses you.
The large slime creature is engulfed in spectral mist.
You block the large slime creature's attack.
The large slime creature is engulfed in spectral mist.
The large slime creature hits you!!
* * * LOW HITPOINT WARNING * * *
You begin to dig a shaft.
You continue digging a shaft.
You are engulfed in spectral mist.
You die...

≈≈≈.♣♣ ♣♣♣♣♣ .<.≈≈
♣≈.≈≈. .≈≈.♣ ♣♣≈≈≈♣♣
.≈♣≈.≈ ♣≈. ≈...♣♣♣≈≈≈≈.♣
♣♣♣§♣..≈≈ ...≈.♣≈.≈≈≈.♣
♣♣..≈..≈≈≈
...<♣♣≈.....♣♣♣.≈≈≈≈.≈≈§
......≈≈♣♣.....≈≈≈≈§....
......≈♣♣♣.≈≈≈≈§§≈≈...≈.
..♣♣..♣♣≈...≈≈§§≈Z§≈♣♣♣
♣♣≈..≈♣≈.≈≈≈.≈.Z@J≈.♣
♣♣♣.(♣♣♣♣..≈♣♣♣♣tJ§.≈≈≈≈
♣♣.≈≈.♣♣♣≈≈≈♣ ♣♣§≈≈≈≈..
≈♣.≈≈.≈♣♣≈≈.♣ .≈≈≈≈.♣
...≈..♣♣♣...♣ .≈≈≈≈..
≈....♣♣ ♣♣♣♣≈ ≈§≈≈≈.≈
≈≈≈≈♣♣ .. ≈≈≈≈≈.. .≈≈♣♣
≈.≈≈§.. ...♣


You could see 2 large slime creatures, a ghost crab, a spectral seven-headed
hydra and a spectral spiny frog.

Vanquished Creatures
  Rupert (D:13)
  Gastronok (D:9)
  Kirke (Swamp:1)
  A thorn hunter (Swamp:2)
  The ghost of Lochraine the Unseen, a journeyman KoEE of Ashenzari (D:15)
  A stone giant (Orc:1)
  Azrael (D:13)
  A minotaur (Lab)
  A fire dragon (D:14)
  An ogre mage (D:15)
  The ghost of Apogee the Bludgeoner, a journeyman MiBe of Trog (Lair:3)
  Harold (Lair:4)
  Erolcha (D:13)
  11 hydras
  Erica (D:8)
  3 centaur warriors
  10 two-headed ogres
  The ghost of braks the Arsonist, a novice DrFE of Vehumet (D:10)
  6 death yaks (Lair:6)
  5 orc high priests (Orc:2)
  2 tengu warriors (D:15)
  A vampire mage (D:15)
  Sonja (Lair:3)
  Urug (Lair:4)
  Nergalle (D:12)
  2 skeletal warriors (D:15)
  3 unseen horrors
  2 swamp dragons
  A spriggan druid (Swamp:1)
  12 orc knights
  Pikel (D:9)
  A shambling mangrove (Swamp:2)
  A swamp dragon (shapeshifter) (D:13)
  2 deep elf magi
  An orc sorcerer (Orc:2)
  6 cyclopes
  3 wolf spiders
  4 manticores
  The ghost of Alarkh the Cleaver, a novice DsSk of Okawaru (D:6)
  A necromancer (D:15)
  3 ugly things (D:11)
  An oklob plant (Lair:4)
  Maurice (D:9)
  3 black mambas
  24 elephants
  25 spiny frogs
  A yaktaur zombie (D:15)
  10 rime drakes
  A komodo dragon (shapeshifter) (D:15)
  12 komodo dragons
  6 yaktaurs
  3 kobold demonologists (D:13)
  A harpy zombie (D:14)
  12 trolls
  3 hornets
  3 meliai (D:13)
  3 tyrant leeches (Lair:6)
  3 tengu conjurers
  The ghost of grindst0ne the Shield-Bearer, an amateur FoFi (D:5)
  Prince Ribbit (D:8)
  33 blink frogs
  A minotaur skeleton (Lab)
  20 slime creatures
  A deep troll zombie (D:15)
  29 hippogriffs
  6 dream sheep (Lair:5)
  A bog body (Swamp:1)
  3 wraiths
  5 shadows
  2 spriggan zombies (D:15)
  A spriggan (Swamp:1)
  A redback (Lair:2)
  11 basilisks
  61 yaks
  A vampire (D:13)
  3 fire elementals (D:13)
  16 humans (D:13)
  14 wyverns
  3 hogs (Swamp:1)
  19 vampire mosquitoes
  5 hungry ghosts
  2 steam dragons
  13 insubstantial wisps
  9 swamp worms
  3 wargs
  An acid dragon (D:13)
  12 water moccasins
  8 porcupines
  5 hell hounds
  2 swamp drakes (Swamp:2)
  5 sky beasts
  2 slaves (D:9)
  39 orc warriors
  7 ice beasts
  A black bear (D:13)
  An eye of draining (shapeshifter) (D:15)
  A hornet zombie (D:11)
  A necrophage (D:8)
  3 phantoms
  An eye of draining (D:13)
  13 wolves
  16 ogres
  3 boggarts
  A centaur (shapeshifter) (D:13)
  8 centaurs
  A tengu (shapeshifter) (D:15)
  6 big kobolds
  12 crocodiles
  5 gnoll sergeants
  39 bullfrogs
  An earth elemental (Lab)
  2 water moccasin zombies (Ossuary)
  A wyvern zombie (D:12)
  A wyvern skeleton (D:9)
  2 scorpions (D:11)
  8 killer bees
  9 wights
  3 electric eels
  4 howler monkeys
  5 crimson imps
  3 centaur zombies
  2 quasits
  25 orc priests
  7 hounds
  3 bullfrog skeletons
  An iron imp (D:5)
  3 jellies
  14 orc wizards
  4 centaur skeletons
  Terence (D:2)
  16 worker ants
  3 big kobold zombies (Ossuary)
  A hound zombie (D:9)
  3 hound skeletons
  2 mummies (Ossuary)
  2 worker ant zombies
  10 gnolls
  A howler monkey skeleton (D:11)
  13 adders
  4 shadow imps
  An ooze (D:5)
  4 adder zombies (Ossuary)
  An adder skeleton (D:9)
  3 worms
  3 dart slugs
  6 leopard geckos
  83 orcs
  6 bats
  5 giant cockroaches
  5 gnoll zombies (Ossuary)
  8 goblins
  4 hobgoblins
  13 jackals
  3 quokkas
  A ball python (D:1)
  5 frilled lizards
  8 hobgoblin zombies (Ossuary)
  A jackal skeleton (D:5)
  2 jackal zombies
  15 kobolds
  8 kobold zombies (Ossuary)
  A leopard gecko skeleton (D:9)
  A leopard gecko zombie (D:7)
  3 orc zombies (Ossuary)
  A quokka zombie (D:8)
  14 rats
  A rat zombie (D:8)
  12 fungi
  18 plants
1060 creatures vanquished.

Vanquished Creatures (collateral kills)
  An eye of draining (D:13)
  An ogre (D:13)
  A bullfrog (D:13)
  4 orcs (D:13)
7 creatures vanquished.

Vanquished Creatures (others)
  A spiny frog (Swamp:2)
  A centaur skeleton (D:13)
  An orc warrior (D:13)
  A sky beast (D:13)
  2 orc wizards
  A worker ant (D:13)
  2 orcs (D:13)
  3 briar patches (Swamp:2)
  3 bushes
  15 fungi
  52 plants
  10 toadstools (Swamp:2)
  2 withered plants (D:15)
94 creatures vanquished.

Grand Total: 1161 creatures vanquished

Notes
Turn   | Place    | Note
-------+----------+-------------------------------------------
     0 | D:1      | grindst0ne the Formicid Fighter began the quest for the Orb.
     0 | D:1      | Reached XP level 1. HP: 18/18 MP: 1/1
   124 | D:1      | Reached XP level 2. HP: 18/24 MP: 2/2
   408 | D:1      | Reached XP level 3. HP: 29/30 MP: 3/3
   732 | D:2      | Reached XP level 4. HP: 28/37 MP: 4/4
  1057 | D:2      | Noticed Terence
  1071 | D:2      | Killed Terence
  1077 | D:2      | Reached XP level 5. HP: 30/43 MP: 5/5
  1341 | D:2      | Reached skill level 5 in Shields
  1947 | D:3      | Reached XP level 6. HP: 35/50 MP: 6/6
  1949 | D:3      | Reached skill level 5 in Fighting
  2764 | D:4      | Reached XP level 7. HP: 53/56 MP: 7/7
  3500 | D:5      | Entered Level 5 of the Dungeon
  3580 | D:5      | Noticed grindst0ne's ghost (amateur FoFi)
  4127 | D:5      | Reached skill level 5 in Axes
  4127 | D:5      | Reached XP level 8. HP: 63/64 MP: 8/8
  4292 | D:5      | Killed grindst0ne's ghost
  4671 | D:5      | Found Cihui's Armour Emporium.
  4899 | D:5      | Found a snail-covered altar of Cheibriados.
  5066 | D:6      | Noticed Alarkh's ghost (novice DsSk)
  5135 | D:6      | Killed Alarkh's ghost
  5135 | D:6      | Reached XP level 9. HP: 46/74 MP: 9/9
  5591 | D:6      | Found a staircase to the Ecumenical Temple.
  5601 | Temple   | Entered the Ecumenical Temple
  5864 | Temple   | Became a worshipper of Makhleb the Destroyer
  6025 | D:7      | Noticed a hippogriff
  6032 | D:7      | Killed a hippogriff
  6032 | D:7      | Reached skill level 4 in Armour
  6032 | D:7      | Reached skill level 1 in Invocations
  6132 | D:7      | Reached XP level 10. HP: 82/82 MP: 11/11
  6171 | D:7      | Reached skill level 5 in Armour
  6257 | D:7      | Reached * piety under Makhleb
  6275 | D:7      | Gained mutation: You have sharp toenails. [potion of mutation]
  6275 | D:7      | Gained mutation: You are clumsy. (Dex -2) [potion of mutation]
  6275 | D:7      | Gained mutation: Your flesh is cold resistant. (rC+) [potion of mutation]
  6314 | D:7      | Gained mutation: You are resistant to hostile enchantments. (MR+) [mutagenic meat]
  6315 | D:7      | Gained mutation: Your spells are a little harder to cast, but a little more powerful. [mutagenic meat]
  6316 | D:7      | Gained mutation: Your body sometimes deteriorates upon taking damage. [mutagenic meat]
  6317 | D:7      | Gained mutation: Your skin changes colour to match your surroundings (Stealth+). [mutagenic meat]
  6437 | D:8      | Reached skill level 6 in Armour
  6583 | D:8      | Found Liulet's Assorted Antiques.
  6667 | D:8      | Bought a tiger eye-encrusted scale mail for 234 gold pieces
  6677 | D:8      | Identified the +5 scale mail of Paew {*Contam Dex+2 SInv} (You bought it in a shop on level 8 of the Dungeon)
  6747 | D:8      | Found a sand-covered staircase.
  6801 | Ossuary  | Entered an ossuary
  6860 | Ossuary  | Reached ** piety under Makhleb
  6900 | Ossuary  | Reached skill level 7 in Armour
  6967 | Ossuary  | Lost mutation: You have sharp toenails. [potion of mutation]
  6967 | Ossuary  | Lost mutation: Your spells are a little harder to cast, but a little more powerful. [potion of mutation]
  6967 | Ossuary  | Lost mutation: You are clumsy. (Dex -2) [potion of mutation]
  6967 | Ossuary  | Lost mutation: Your body sometimes deteriorates upon taking damage. [potion of mutation]
  6967 | Ossuary  | Lost mutation: You are resistant to hostile enchantments. (MR+) [potion of mutation]
  6967 | Ossuary  | Lost mutation: Your skin changes colour to match your surroundings (Stealth+). [potion of mutation]
  6967 | Ossuary  | Gained mutation: Your body sometimes deteriorates upon taking damage. [potion of mutation]
  6967 | Ossuary  | Gained mutation: You are frail. (-10% HP) [potion of mutation]
  6967 | Ossuary  | Gained mutation: You have sharp toenails. [potion of mutation]
  6967 | Ossuary  | Gained mutation: You are resistant to hostile enchantments. (MR+) [potion of mutation]
  6968 | Ossuary  | Lost mutation: Your body sometimes deteriorates upon taking damage. [potion of mutation]
  6968 | Ossuary  | Lost mutation: You have sharp toenails. [potion of mutation]
  6968 | Ossuary  | Lost mutation: You are frail. (-10% HP) [potion of mutation]
  6968 | Ossuary  | Lost mutation: Your flesh is cold resistant. (rC+) [potion of mutation]
  6968 | Ossuary  | Gained mutation: You are highly resistant to hostile enchantments. (MR++) [potion of mutation]
  6968 | Ossuary  | Gained mutation: You are covered in fur. (AC +1) [potion of mutation]
  7019 | D:8      | Noticed Erica
  7035 | D:8      | Killed Erica
  7064 | D:8      | Noticed Prince Ribbit
  7075 | D:8      | Killed Prince Ribbit
  7293 | D:8      | Reached skill level 5 in Invocations
  7293 | D:8      | Reached XP level 11. HP: 90/90 MP: 14/14
  7303 | D:8      | Reached skill level 8 in Armour
  7372 | D:8      | Reached skill level 10 in Fighting
  7389 | D:8      | Reached skill level 9 in Armour
  7417 | D:8      | Reached *** piety under Makhleb
  7457 | D:8      | Noticed a two-headed ogre
  7466 | D:8      | Killed a two-headed ogre
  7591 | D:8      | Found an iron altar of Okawaru.
  7873 | D:8      | Reached skill level 10 in Axes
  7873 | D:8      | Reached skill level 10 in Armour
  7873 | D:8      | Reached skill level 5 in Evocations
  7873 | D:8      | Reached XP level 12. HP: 97/97 MP: 16/16
  7874 | D:8      | Reached skill level 12 in Armour
  7874 | D:8      | Reached XP level 13. HP: 103/103 MP: 16/18
  7952 | D:9      | Noticed Gastronok
  8136 | D:9      | Killed Gastronok
  8224 | D:9      | Found a staircase to the Lair.
  8817 | D:9      | Noticed Maurice
  8821 | D:9      | Noticed Pikel
  8841 | D:9      | Killed Pikel
  8867 | D:9      | Killed Maurice
  8999 | D:10     | Entered Level 10 of the Dungeon
  9159 | D:10     | Reached **** piety under Makhleb
  9176 | D:10     | Noticed braks's ghost (novice DrFE)
  9215 | D:10     | Reached skill level 13 in Armour
  9216 | D:10     | Killed braks's ghost
  9216 | D:10     | Reached XP level 14. HP: 111/111 MP: 19/19
  9548 | D:10     | Gained mutation: You are weak. (Str -2) [mutagenic meat]
  9549 | D:10     | Gained mutation: You have large cloven feet. [mutagenic meat]
  9550 | D:10     | Gained mutation: You are resistant to electric shocks. (rElec) [mutagenic meat]
  9827 | Lair:1   | Entered Level 1 of the Lair of Beasts
  9838 | Lair:1   | Reached skill level 1 in Dodging
  9915 | Lair:1   | D:D
 10654 | Lair:2   | Reached ***** piety under Makhleb
 11466 | Lair:2   | Found a hole to the Spider Nest.
 11923 | Lair:3   | Noticed Apogee's ghost (journeyman MiBe)
 11996 | Lair:3   | Killed Apogee's ghost
 11996 | Lair:3   | Reached skill level 5 in Dodging
 12405 | Lair:3   | Noticed Sonja
 12411 | Lair:3   | Killed Sonja
 12813 | Lair:4   | Noticed Snorg
 12817 | Lair:4   | Noticed Snorg
 12817 | Lair:4   | Snorg changed into Snorg the hippogriff
 12822 | Lair:4   | Killed Snorg the hippogriff
 13093 | Lair:4   | Noticed Urug
 13107 | Lair:4   | Killed Urug
 13237 | Lair:4   | Reached XP level 15. HP: 120/120 MP: 20/20
 13287 | Lair:4   | Noticed Harold
 13297 | Lair:4   | Killed Harold
 13393 | Lair:4   | Found a staircase to the Swamp.
 13446 | Lair:4   | Found a blossoming altar of Fedhas.
 14013 | Lair:5   | Reached skill level 1 in Throwing
 14093 | Lair:5   | Found a viscous altar of Jiyva.
 14094 | Lair:5   | Found a staircase to the Slime Pits.
 14287 | Lair:5   | Reached ****** piety under Makhleb
 14371 | Lair:5   | Got a distressingly furry robe
 14577 | Lair:5   | Reached skill level 5 in Throwing
 15203 | Lair:6   | Entered Level 6 of the Lair of Beasts
 15408 | Lair:6   | Reached skill level 15 in Axes
 15609 | Lair:6   | Reached XP level 16. HP: 127/127 MP: 21/21
 17310 | D:11     | Lost mutation: You are resistant to electric shocks. (rElec) [mutagenic meat]
 17513 | D:11     | Found a staircase to the Orcish Mines.
 17563 | D:11     | Reached skill level 10 in Dodging
 17722 | D:11     | Gained mutation: Your flesh is cold resistant. (rC+) [mutagenic meat]
 17723 | D:11     | Gained mutation: Your flesh is heat resistant. (rF+) [mutagenic meat]
 18262 | D:12     | Noticed Nergalle
 18286 | D:12     | Killed Nergalle
 18945 | D:13     | Found a labyrinth entrance.
 18950 | D:13     | Noticed Rupert
 18955 | D:13     | Noticed Erolcha
 18958 | Lab      | Entered a labyrinth
 19159 | Lab      | Got a fine amber ring
 19164 | Lab      | Identified the ring of Vogh {rF+ rN+ Dex-3 Stlth-} (You found it in a labyrinth)
 19200 | D:13     | Killed Rupert
 19204 | D:13     | Killed Erolcha
 19390 | D:13     | Reached XP level 17. HP: 133/133 MP: 22/22
 19539 | D:13     | Noticed Azrael
 19552 | D:13     | Killed Azrael
 19888 | D:14     | Found a gate to the Vaults.
 21057 | D:15     | Entered Level 15 of the Dungeon
 21434 | D:15     | Reached skill level 14 in Armour
 21489 | D:15     | Noticed Lochraine's ghost (journeyman KoEE)
 21712 | D:15     | Got a slimy ring mail
 21849 | D:15     | Killed Lochraine's ghost
 21856 | D:15     | Found a staircase to the Depths.
 22039 | D:15     | Got a smoking amber ring
 22351 | Orc:1    | Entered Level 1 of the Orcish Mines
 22754 | Orc:2    | Entered Level 2 of the Orcish Mines
 23280 | Orc:1    | Reached XP level 18. HP: 139/139 MP: 23/23
 23298 | Orc:1    | Reached skill level 15 in Armour
 23410 | Orc:2    | Found a staircase to the Elven Halls.
 23727 | Orc:2    | Gained mutation: You are dopey. (Int -2) [a neqoxec]
 24255 | Orc:2    | Found Foklaec's Book Shop.
 24255 | Orc:2    | Found Noyrr's Armour Shop.
 24256 | Orc:2    | Found Joebai's Magic Scroll Boutique.
 24256 | Orc:2    | Found Betasis's Magic Scroll Shop.
 24275 | Orc:2    | Bought the +2 shield of Timenaem {rF+ Regen+} for 313 gold pieces
 24289 | Orc:2    | Bought a scroll of enchant weapon for 112 gold pieces
 24289 | Orc:2    | Bought a scroll of enchant armour for 112 gold pieces
 24293 | Orc:2    | Bought a scroll of enchant armour for 105 gold pieces
 24299 | Orc:2    | Identified the ring "Xopew" {Fire -Tele rElec Int+2} (You found it on level 15 of the Dungeon)
 24312 | Orc:2    | Bought a +1 cloak of poison resistance for 148 gold pieces
 24839 | Swamp:1  | Entered Level 1 of the Swamp
 25071 | Swamp:1  | Reached skill level 16 in Armour
 25280 | Swamp:1  | Found a snail-covered altar of Cheibriados.
 25450 | Swamp:1  | Noticed Kirke
 25487 | Swamp:1  | Killed Kirke
 25887 | Swamp:2  | Got a fine scythe
 25893 | Swamp:2  | Got a jewelled leather armour
 26134 | Swamp:2  | Reached skill level 17 in Armour
 26289 | Swamp:2  | Got a faintly humming scale mail
 26479 | Swamp:2  | HP: 2/139 [large slime creature (21)]
 26480 | Swamp:2  | Engulfed by a ghost crab's spectral mist

Vault maps used:
D:1:      mrwooster_arrival_statue_2
D:2:      nrook_mini_vaults, uniq_terence
D:4:      first_bread
D:5:      serial_shops, shop, corner_web_ring, chei_slow_surprise
D:6:      lemuel_temple_firewalk_b, hangedman_decor_opposing
D:8:      argonaut_augean_stables, okawaru_ov_weapons_minmay, serial_shops,
          shop, enter_ossuary_4, serial_corexii_hall, corexii_hall_statues_i,
          corexii_hall_statues_x, blue_anna_alchemist, uniq_erica,
          uniq_prince_ribbit1
D:9:      hangedman_cross_cluster, lair_entry_dummy, uniq_gastronok, uniq_pikel,
          uniq_maurice
D:11:     kennysheep_orc_monster_closet_entryway, hangedman_corner_corridor
D:12:     uniq_nergalle
D:13:     lab_entry_generic, wad_floor_pattern_1, minmay_splitting_lines,
          uniq_azrael, uniq_erolcha, uniq_rupert
D:14:     david_vaults_3, hangedman_abyss_or_decor_lesser_grid
D:15:     gammafunk_depths_entry_grave, hangedman_abyss_or_decor_stagger,
          nicolae_wwwww
Temple:   roderic_octagonal_lattice_temple
Lair:2:   spider_nest_entry_funnel_web, minmay_holes, serial_bayou_shore_b,
          grunt_megastairs_5
Lair:3:   uniq_sonja
Lair:4:   minmay_swamp_entry_swarm, serial_forest, infiniplex_forest_zigzag_2,
          infiniplex_forest_clump_double, infiniplex_forest_clump_curved,
          infiniplex_forest_clump_large, tgw_fedhas, uniq_urug, uniq_snorg,
          uniq_harold
Lair:5:   slime_altar_1, special_room, serial_bayou_shore_a, grunt_megastairs_1
Lair:6:   minmay_lair_end_frog_pond
Swamp:1:  nicolae_swamp_godswood, uniq_kirke
Swamp:2:  cheibrodos_swamp_tower_of_moss, evilmike_swamp_ruin_house_4,
          swamp_pool1, hangedman_swamp_pad
Orc:1:    minmay_orc_barracks
Orc:2:    st_orc_pillars
Lab:      labyrinth_green, nicolae_lab_blocks, nicolae_lab_big_swirl,
          nicolae_lab_garden, nicolae_lab_t_cross, nicolae_lab_grate_2,
          labyrinth_lava_lair, lab_fountain, nicolae_lab_hexagon,
          nicolae_lab_swirl, nicolae_lab_x, nicolae_lab_do_over
Ossuary:  ossuary_tomb_2

Skill      XL: |  1  2  3  4  5  6  7  8  9 10 11 12 13 14 15 16 17 18 |
---------------+-------------------------------------------------------+-----
Shields        | 4 5 6 8 9 |  9.1
Fighting       | 4 5 6 7 8 9 10 11 | 11.7
Axes           | 3 4 5 6 7 8 10 11 12 13 15 16 | 16.2
Armour         | 4 7 10 12 13 14 17 | 17.1
Invocations    | 1 5 6 |  6.0
Evocations     | 5 6 7 |  7.4
Dodging        | 6 8 11 13 | 13.1
Throwing       | 6 7 |  7.4

Action                   |  1- 3 |  4- 6 |  7- 9 | 10-12 | 13-15 | 16-18 || total
-------------------------+-------+-------+-------+-------+-------+-------++-------
Melee: War axe           |    84 |   222 |   356 |   287 |   803 |       ||  1752
       Scimitar          |       |       |       |       |    24 |    13 ||    37
       Battleaxe         |       |       |       |       |   302 |   641 ||   943
       Glaive            |       |       |       |       |       |  1804 ||  1804
Throw: Throwing net      |       |       |       |       |       |     1 ||     1
Invok: Lesser Servant of |       |       |       |       |       |     3 ||     3
 Abil: Dig               |       |       |       |     1 |     4 |    24 ||    29
       Shaft Self        |       |       |       |       |       |     1 ||     1
Evoke: Wand              |       |       |     9 |     6 |    11 |    43 ||    69
  Use: Scroll            |       |       |    14 |     6 |     8 |    11 ||    39
       Potion            |       |       |       |     6 |       |    17 ||    23
  Eat: Chunk             |       |     7 |    11 |     9 |    32 |    31 ||    90
       Fruit             |       |       |       |     1 |       |     2 ||     3
       Meat ration       |       |       |       |       |       |     3 ||     3
       Royal jelly       |       |       |       |       |       |     1 ||     1
       Bread ration      |       |       |       |       |       |     1 ||     1
Armor: Scale mail        |    38 |    15 |       |    20 |   234 |   519 ||   826
       Chain mail        |       |    73 |   120 |    31 |       |       ||   224
       Skin              |       |       |       |       |       |    78 ||    78
Dodge: Dodged            |    26 |    62 |   135 |   121 |   675 |  2351 ||  3370
Block: Shield            |    43 |   111 |   209 |   157 |   727 |  1897 ||  3144
       Rpst.: Scimitar   |       |       |       |       |     8 |     1 ||     9
